 Dungeon Crawl Stone Soup version 0.29.1-15-g9cfb28693d (webtiles) character file.

Game seed: 3055447274424057734

15 hawla the Firebug (level 2, 0/20 HPs)
             Began as a Meteoran Fire Elementalist on Mar 22, 2023.
             Slain by a rat (2 damage)
             ... on level 1 of the Dungeon.
             The game lasted 00:01:13 (139 turns).

hawla the Firebug (Meteoran Fire Elementalist)       Turns: 139, Time: 00:01:14

Health: 0/20       AC:  2    Str:  9    XL:     2   Next: 88%
Magic:  7/7        EV: 12    Int: 16    God:
Gold:   28         SH:  0    Dex: 14    Spells: 4/7 levels left

rFire   . . .      SeeInvis .   (no weapon)
rCold   . . .      Faith    .   (no shield)
rNeg    . . .      Spirit   .   a - +0 robe
rPois   .          Reflect  .   (no helmet)
rElec   .          Harm     .   (no cloak)
rCorr   .          Rampage  .   (no gloves)
Will    .....                   (no boots)
Stlth   +.........              (no amulet)
HPRegen 0.06/turn               (no ring)
MPRegen 0.10/turn               (no ring)

@: about to teleport, glowing
A: sense surroundings 1, otherworldly, glowing, explore regen
a: no special abilities


You were on level 1 of the Dungeon.
You visited 1 branch of the dungeon, and saw 1 of its levels.

You collected 28 gold pieces.

Inventory:

Armour
 a - a +0 robe (worn)


   Skills:
 + Level 2.5 Dodging
 - Level 1.4 Stealth
 + Level 3.2 Spellcasting
 + Level 1.3 Conjurations
 + Level 4.1 Fire Magic


You had 4 spell levels left.
You knew the following spells:

 Your Spells              Type           Power      Damage    Failure   Level
a - Foxfire               Conj/Fire      44%        2x1d6     6%          1
b - Scorch                Fire           30%        2d6       4%          2

Your spell library contained the following spells:

 Spells                   Type           Power      Damage    Failure   Level
 Conjure Flame            Conj/Fire      11%        6-21      19%         3
 Inner Flame              Hex/Fire       9%         N/A       24%         3
 Flame Wave               Conj/Fire      11%        2d6       52%         4


Dungeon Overview and Level Annotations

Branches:
Dungeon (1/15) Zot: 460

Altars:


Innate Abilities, Weirdness & Mutations

You passively map a small area around you.
You are easily found by Zot.
You glow in the dark.
You regain HP and MP as you explore.


Message History

You open the large door.
Casting: Foxfire (safe; 6% risk of failure)
Confirm with . or Enter, or press ? or * to list all spells.
You conjure some foxfire!
The foxfire hits the goblin.
You kill the goblin!
The hobgoblin barely misses you.
Casting: Foxfire (safe; 6% risk of failure)
Confirm with . or Enter, or press ? or * to list all spells.
Flames lash the endoplasm.
The endoplasm is almost dead.
The endoplasm's fire resistance burns away.
The foxfire hits the hobgoblin.
The hobgoblin is almost dead.
The hobgoblin barely misses you.
Casting: Scorch (safe; 4% risk of failure)
Confirm with . or Enter, or press ? or * to list all spells.
You conjure some foxfire!
The kobold hits you with a +0 whip. The hobgoblin hits you.
Casting: Foxfire (safe; 6% risk of failure)
Confirm with . or Enter, or press ? or * to list all spells.
Flames lash the ball python.
You kill the ball python!
The foxfire hits the kobold.
The kobold is severely wounded.
The kobold closely misses you. The hobgoblin hits you.
As you read the scroll labelled WULEAVEYRA, it crumbles to dust.
You feel strangely unstable.
It was a scroll of teleportation.
The rat bites you. The hobgoblin hits you.
* * * LOW HITPOINT WARNING * * *
The kobold barely misses you.
Casting: Scorch (safe; 4% risk of failure)
Confirm with . or Enter, or press ? or * to list all spells.
Flames lash the bat.
You kill the bat!
The endoplasm is no longer more vulnerable to fire.
The rat bites you but does no damage. The hobgoblin misses you.
The kobold hits you with a +0 whip.
* * * LOW HITPOINT WARNING * * *
Magic courses through your body. The rat bites you.
You die...

###♣♣♣♣♣♣♣♣♣♣♣♣
.........♣...♣
...♣....♣..♣.♣.. , *
....♣.♣.♣♣..♣..♣ , , ,
....♣.......♣♣.. #### *
#....♣...♣..♣... #....*
#....♣..)♣♣..♣. ,
#...w#####.....♣......♣
#...g#@#.8......♣♣.....
, ,
#.KSbgKr............♣†.
,
#..bbJr..)....♣♣.♣♣..♣.
#..†[#.#.8.........♣...
,
#....#####.†.....♣..)..
* #....
*#..♣♣....♣♣)..♣ ####
*#..♣...♣....♣... ,,
........♣♣.....♣♣ *
#####♣♣♣♣♣♣♣♣♣♣♣♣♣


You could see an endoplasm, a hobgoblin, 3 bats, a ball python, 2 kobolds and 2
rats.

Vanquished Creatures
  2 ball pythons (D:1)
  2 endoplasms (D:1)
  3 goblins (D:1)
  2 kobolds (D:1)
  3 bats (D:1)
12 creatures vanquished.

Vanquished Creatures (others)
  16 foxfires (D:1)
16 creatures vanquished.

Grand Total: 28 creatures vanquished

Notes
Turn   | Place    | Note
-------+----------+-------------------------------------------
     0 | D:1      | hawla the Meteoran Fire Elementalist began the quest for
                  | the Orb.
     0 | D:1      | Reached XP level 1. HP: 14/14 MP: 5/5
    65 | D:1      | Reached XP level 2. HP: 20/20 MP: 1/6
    68 | D:1      | Learned a level 2 spell: Scorch
    71 | D:1      | Reached skill level 4 in Fire Magic
   119 | D:1      | Found a large runed translucent door.
   119 | D:1      | Found a large runed translucent door.
   139 | D:1      | Slain by a rat

Illustrated notes

Levels and vault maps discovered:
D:1:      erik_arrival_cave_to_civilisation [erik_arrival_cave_to_temple],
          layout_basic, hellmonk_ecumenical_altar_leap_of_faith, minivault_23

Skill      XL: |  1  2 |
---------------+-------+-----
Spellcasting   | 3 |  3.2
Fire Magic     | 4 |  4.1
Dodging        | |  2.5
Stealth        | |  1.4
Conjurations   | |  1.3

Action                   || total
-------------------------++-------
Melee: Unarmed           ||     3
 Cast: Foxfire           ||    12
       Scorch            ||     3
  Use: Scroll            ||     1
       Potion            ||     1
Armor: Robe              ||     3
Dodge: Dodged            ||     7
